 Dungeon Crawl Stone Soup version 0.23.2-1-ga50397a (webtiles) character file.

Game seed: 8270227056757327414

12849 dengdeng the Cleaver (level 11, -5/97 HPs)
             Began as a Minotaur Berserker on May 3, 2019.
             Was a High Priest of Trog.
             Succumbed to Sonja's poison
             ... on level 11 of the Dungeon.
             The game lasted 00:34:25 (11306 turns).

dengdeng the Cleaver (Minotaur Berserker)          Turns: 11306, Time: 00:34:27

Health: -5/97      AC: 24    Str: 26    XL:     11   Next: 67%
Magic:  3/3        EV:  9    Int:  6    God:    Trog [*****.]
Gold:   610        SH:  0    Dex:  9    Spells: 10/10 levels left

rFire    . . .     SeeInvis .   W - +3 battleaxe (antimagic)
rCold    . . .     Gourm    .   (shield currently unavailable)
rNeg     . . .     Faith    .   B - +3 plate armour
rPois    .         Spirit   .   I - +2 hat {MR+}
rElec    .         Reflect  .   x - +0 cloak
rCorr    .         Harm     .   m - +0 pair of gloves
MR       +....                  (no boots)
Stlth    ..........             (no amulet)
HPRegen  0.26/turn              t - +2 ring of intelligence
MPRegen  0.08/turn              (no ring)

@: lethally poisoned (-5 -> -53), berserk cooldown, slowed, very slow
A: retaliatory headbutt, horns 2
a: Berserk, Trog's Hand, Brothers in Arms, Renounce Religion


You were on level 11 of the Dungeon.
You worshipped Trog.
Trog was extremely pleased with you.
You were hungry.

You visited 1 branch of the dungeon, and saw 11 of its levels.
You also visited: Ossuary.

You collected 692 gold pieces.
You spent 82 gold pieces at shops.

Inventory:

Hand Weapons
 a - a +0 hand axe
 y - a +0 morningstar
 A - a +0 battleaxe
 E - a +4 antimagic broad axe
 T - a +0 halberd of venom
 V - the +9 falchion of Sunlight {drain, rF+ Str-3 Int+9}
   (You found it on level 10 of the Dungeon)

   A truly terrible weapon, it drains the life of those it strikes.
   It affects your strength (-3).
   It affects your intelligence (+9).
   It protects you from fire.
 W - a +3 antimagic battleaxe (weapon)
Missiles
 e - 328 stones
 i - 19 tomahawks
 u - 13 javelins (quivered)
Armour
 m - a +0 pair of gloves (worn)
 x - a +0 cloak (worn)
 B - a +3 plate armour (worn)
 I - a +2 hat of magic resistance (worn)
Jewellery
 t - a +2 ring of intelligence (left hand)
 L - a cursed -2 ring of slaying
Wands
 f - a wand of disintegration (17)
 w - a wand of iceblast (4)
 M - a wand of acid (6)
 N - a wand of enslavement (5)
 S - a wand of polymorph (10)
 U - a wand of digging (13)
Scrolls
 b - 10 scrolls of remove curse {unknown}
 g - 12 scrolls of identify
 k - a scroll of holy word {unknown}
 p - 3 scrolls of teleportation {unknown}
 r - 2 scrolls of fear {unknown}
 D - a scroll of fog {unknown}
 H - a scroll of blinking {unknown}
 J - a scroll of immolation {unknown}
 K - 2 scrolls of amnesia {unknown}
 P - a scroll of magic mapping {unknown}
Potions
 d - 2 potions of degeneration {unknown}
 h - 4 potions of ambrosia {unknown}
 j - 4 potions of curing {unknown}
 l - 5 potions of mutation {unknown}
 n - 3 potions of brilliance {unknown}
 o - 5 potions of lignification {unknown}
 q - a potion of haste {unknown}
 s - a potion of agility {unknown}
 v - a potion of magic {unknown}
 z - 2 potions of berserk rage {unknown}
 C - a potion of might {unknown}
 F - a potion of resistance {unknown}
 G - 2 potions of flight {unknown}
Miscellaneous
 O - a lightning rod (4/4)
 R - a phial of floods
Comestibles
 c - 29 rations
 Q - 21 chunks of flesh


   Skills:
 + Level 9.5 Fighting
 + Level 14.4 Axes
 + Level 1.2(9.7) Maces & Flails
 + Level 1.2 Throwing
 * Level 13.7 Armour
 + Level 3.7 Dodging
 + Level 0.8 Stealth


You had 10 spell levels left.
You didn't know any spells.
Your spell library was empty.

Dungeon Overview and Level Annotations

Branches:
Dungeon (11/15)            Temple (0/1) D:4            Lair (0/6) D:11
    Orc (0/2) D:11

Altars:
Ashenzari
Cheibriados
Dithmenos
Fedhas
Nemelex Xobeh
Qazlal
Sif Muna
Trog
Vehumet

Shops:
D:4 ?   D:9 }(%   D:10 :

Annotations:
D:10 2 runed translucent doors
D:11 Sonja


Innate Abilities, Weirdness & Mutations

You reflexively headbutt those who attack you in melee.
You have a pair of horns on your head.


Message History

You barely miss the black bear.
The black bear is heavily wounded.
* * * LOW HITPOINT WARNING * * *
You feel extremely sick.
The black bear bites you but does no damage.
The black bear claws you.
* * * LOW HITPOINT WARNING * * *
The black bear claws you but does no damage.
You closely miss the black bear.
The black bear is moderately wounded.
* * * LOW HITPOINT WARNING * * *
You feel extremely sick. The black bear barely misses you.
The black bear claws you but does no damage.
The black bear closely misses you.
The black bear bites you but does no damage.
The black bear closely misses you. x2
You closely miss the black bear.
The black bear is moderately wounded.
You die...

....>PP.ยง.PP...#
..P.PP.......P.#
....PP.....P...#
.P..P.PP.o(...#
P..P.PPPos(...#
.P..P.PP.oT.###
...P.....Y###
#....P....#####
#####.##..h@((#
#......####(#
#.####.# #(# #.
#.# #(# #.# #.#
#.# #.# #####.#
#.# #.....# #.#
#.##### #.#


You could see a black bear.

Vanquished Creatures
  Gastronok (D:8)
  A two-headed ogre (D:9)
  A centaur warrior (D:10)
  An unseen horror (D:10)
  An unseen horror (shapeshifter) (D:10)
  A centaur zombie (D:10)
  Joseph (D:9)
  2 trolls
  A hornet (D:10)
  A slime creature (D:10)
  2 hippogriffs
  A spriggan (D:7)
  A wyvern (D:10)
  12 yaks
  2 wraiths
  Eustachio (D:6)
  2 hungry ghosts (D:10)
  3 acid dragons
  2 porcupines (D:11)
  3 ice beasts
  2 orc warriors
  2 black bears (D:11)
  A phantom (D:7)
  A sky beast (D:8)
  4 centaurs
  3 ogres
  An elf zombie (Ossuary)
  A crocodile (D:10)
  A big kobold (D:5)
  6 bullfrogs
  A water moccasin skeleton (D:7)
  2 scorpions
  4 killer bees (D:9)
  7 howler monkeys
  A bullfrog zombie (D:7)
  4 crimson imps
  A quasit (D:8)
  2 centaur skeletons (D:6)
  2 human zombies (Ossuary)
  2 hounds
  Crazy Yiuf (D:5)
  An iron imp (D:6)
  10 orc wizards
  4 orc priests
  2 iguanas
  8 worker ants
  A hound zombie (D:6)
  3 mummies (Ossuary)
  2 worker ant zombies
  3 gnolls (D:4)
  10 adders
  3 shadow imps
  3 oozes
  An adder skeleton (D:8)
  An adder zombie (D:7)
  5 worms
  A dart slug (D:4)
  3 leopard geckos
  40 orcs
  3 ball pythons
  5 giant cockroaches
  8 goblins
  8 hobgoblins
  12 jackals
  4 quokkas
  9 bats
  3 frilled lizards (D:1)
  A goblin zombie (Ossuary)
  6 hobgoblin zombies (Ossuary)
  18 kobolds
  2 kobold zombies (Ossuary)
  A leopard gecko skeleton (D:8)
  A quokka skeleton (D:4)
  A quokka zombie (D:6)
  8 rats
  3 fungi (D:11)
283 creatures vanquished.

Vanquished Creatures (others)
  43 fungi (D:11)
  18 plants (D:11)
61 creatures vanquished.

Grand Total: 344 creatures vanquished

Notes
Turn   | Place    | Note
-------+----------+-------------------------------------------
     0 | D:1      | dengdeng the Minotaur Berserker began the quest for the
                  | Orb.
     0 | D:1      | Reached XP level 1. HP: 19/19 MP: 0/0
   419 | D:1      | Reached XP level 2. HP: 26/27 MP: 1/1
   473 | D:1      | Reached skill level 4 in Axes
   810 | D:1      | Reached XP level 3. HP: 31/33 MP: 2/2
   816 | D:1      | Reached ** piety under Trog
  1255 | D:2      | Reached XP level 4. HP: 40/41 MP: 3/3
  1536 | D:2      | Found a shattered altar of Ashenzari.
  1869 | D:3      | Reached *** piety under Trog
  2107 | D:3      | Reached XP level 5. HP: 44/47 MP: 4/4
  2246 | D:3      | Reached skill level 5 in Axes
  2275 | D:3      | Found a bloodstained altar of Trog.
  2276 | D:3      | Found a shadowy altar of Dithmenos.
  2830 | D:4      | Reached skill level 5 in Fighting
  2951 | D:4      | Reached skill level 5 in Armour
  2951 | D:4      | Reached XP level 6. HP: 42/56 MP: 5/5
  3307 | D:4      | Found a staircase to the Ecumenical Temple.
  3330 | D:4      | Found a blossoming altar of Fedhas.
  3654 | D:4      | Reached skill level 6 in Axes
  3784 | D:4      | Found Ycloh's Magic Scroll Shop.
  3790 | D:4      | Bought a scroll of enchant armour for 82 gold pieces
  3833 | D:5      | Entered Level 5 of the Dungeon
  3855 | D:5      | Noticed an ice beast
  3868 | D:5      | Killed an ice beast
  3868 | D:5      | Reached XP level 7. HP: 30/61 MP: 6/6
  4065 | D:5      | Found a sparkling altar of Nemelex Xobeh.
  4280 | D:5      | Reached **** piety under Trog
  4449 | D:5      | Reached skill level 7 in Axes
  4497 | D:5      | Found a runed translucent door.
  4498 | D:5      | Noticed Crazy Yiuf
  4506 | D:5      | Killed Crazy Yiuf
  5287 | D:6      | Noticed Eustachio
  5308 | D:6      | Killed Eustachio
  5308 | D:6      | Reached XP level 8. HP: 36/69 MP: 7/7
  5748 | D:6      | Reached ***** piety under Trog
  5771 | D:6      | Reached skill level 8 in Axes
  5950 | D:6      | Found a snail-covered altar of Cheibriados.
  6353 | D:7      | Reached skill level 1 in Maces & Flails
  6404 | D:7      | Noticed a troll
  6418 | D:7      | Killed a troll
  6418 | D:7      | Reached XP level 9. HP: 17/78 MP: 8/8
  6778 | D:7      | Reached skill level 9 in Axes
  6935 | D:7      | Reached skill level 1 in Throwing
  6935 | D:7      | Reached skill level 10 in Armour
  7041 | D:7      | Found a deep blue altar of Sif Muna.
  7162 | D:8      | Found a sand-covered staircase.
  7167 | Ossuary  | Entered an ossuary
  7181 | Ossuary  | Received a gift from Trog
  7465 | Ossuary  | Reached skill level 10 in Axes
  7662 | D:8      | Found a stormy altar of Qazlal.
  7686 | D:8      | Found a flagged portal.
  7996 | D:8      | Noticed Gastronok
  8012 | D:8      | Killed Gastronok
  8012 | D:8      | Reached skill level 11 in Axes
  8012 | D:8      | Reached XP level 10. HP: 62/88 MP: 3/9
  8593 | D:9      | Found Lossi's Food Boutique.
  8647 | D:9      | Noticed a two-headed ogre
  8656 | D:9      | Killed a two-headed ogre
  8656 | D:9      | Reached skill level 12 in Axes
  8753 | D:9      | Found Erhop's Gadget Emporium.
  8769 | D:9      | Noticed Joseph
  8779 | D:9      | Killed Joseph
  9015 | D:9      | Found Cufij's Antique Weapon Boutique.
  9501 | D:10     | Entered Level 10 of the Dungeon
  9524 | D:10     | Reached skill level 13 in Axes
  9600 | D:10     | Found a large runed translucent door.
  9606 | D:10     | Found a large runed translucent door.
  9641 | D:10     | Killed an unseen horror
  9641 | D:10     | Reached XP level 11. HP: 47/95 MP: 3/10
  9960 | D:10     | Found a radiant altar of Vehumet.
 10098 | D:10     | Found Nischil's Book Emporium.
 10170 | D:10     | Found a large runed translucent door.
 10170 | D:10     | Found a large runed translucent door.
 10173 | D:10     | Noticed a centaur warrior
 10180 | D:10     | Killed a centaur warrior
 10287 | D:10     | Killed an unseen horror
 10397 | D:10     | Paralysed by a hornet for 1 turns
 10804 | D:10     | Got a crude falchion
 10808 | D:10     | Identified the +9 falchion of Sunlight {drain, rF+ Str-3
                  | Int+9} (You found it on level 10 of the Dungeon)
 10919 | D:11     | Received a gift from Trog
 10951 | D:11     | Reached skill level 14 in Axes
 11108 | D:11     | Found a staircase to the Orcish Mines.
 11170 | D:11     | Found a staircase to the Lair.
 11175 | D:11     | Noticed Sonja
 11305 | D:11     | HP: 1/97 [poisoned by Sonja]
 11306 | D:11     | Succumbed to Sonja's poison

Skill      XL: |  1  2  3  4  5  6  7  8  9 10 11 |
---------------+----------------------------------+-----
Axes           | 4 5 6 7 8 11 13 14 | 14.4
Fighting       | 4 5 6 7 8 9 |  9.5
Armour         | 3 4 5 7 9 11 12 13 | 13.7
Dodging        | 3 |  3.7
Maces & Flails | 1 |  1.2
Throwing       | 1 |  1.2
Stealth        | |  0.8

Action                   |  1- 3 |  4- 6 |  7- 9 | 10-12 || total
-------------------------+-------+-------+-------+-------++-------
Melee: Hand axe          |    91 |   205 |   104 |       ||   400
       Headbutt          |    17 |    40 |    42 |    38 ||   137
       Battleaxe         |       |       |    94 |    87 ||   181
       Morningstar       |       |       |     8 |       ||     8
       Broad axe         |       |       |    67 |   169 ||   236
       Falchion          |       |       |       |     5 ||     5
Throw: Javelin           |       |       |     9 |       ||     9
Invok: Berserk           |       |       |     3 |     1 ||     4
  Use: Scroll            |       |       |     4 |     3 ||     7
  Eat: Chunk             |     1 |     9 |    15 |    10 ||    35
       Ration            |       |       |       |     1 ||     1
Armor: Leather armour    |     8 |       |       |       ||     8
       Chain mail        |    22 |   121 |   108 |       ||   251
       Plate armour      |       |       |   130 |   214 ||   344
Dodge: Dodged            |    46 |   102 |   162 |   126 ||   436
       Rpst.: Falchion   |       |       |       |     1 ||     1
